 Dungeon Crawl Stone Soup version 0.31.0-12-g77e489cdc1 (webtiles) character file.

Game seed: 14794518429932491604

6486 Gadfly the Charlatan (level 10, -10/83 HPs)
             Began as an Armataur Fighter on Feb 28, 2024.
             Was a Follower of Elyvilon.
             Mangled by Gastronok (28 damage)
             ... on level 8 of the Dungeon.
             The game lasted 00:20:18 (7961 turns).

Gadfly the Charlatan (Armataur Fighter)             Turns: 7961, Time: 00:20:18

Health: -10/83     AC: 15    Str: 23    XL:     10   Next: 68%
Magic:  15/15      EV:  4    Int:  9    God:    Elyvilon [*.....]
Gold:   436        SH:  5    Dex: 12    Spells: 9/9 levels left

rFire   + . .        j - +1 hammer (venom)
rCold   . . .        c - +0 buckler
rNeg    . . .        t - +0 plate armour
rPois   .            m - +0 helmet
rElec   .            l - +1 cloak
rCorr   .            (no gloves)
SInv    .            (no barding)
Will    .....        o - amulet of magic regeneration Stlth
                     D - ring of protection from fire
HPRegen 0.33/turn    (no ring)
MPRegen 0.54/turn

%: roll
@: no status effects
A: large, deformed body, tough skin 3, armoured tail, roll 2
a: Renounce Religion, Purification


You were on level 8 of the Dungeon.
You worshipped Elyvilon.
Elyvilon was aware of your devotion.
You visited 2 branches of the dungeon, and saw 9 of its levels.
You also visited: Bailey.

You collected 436 gold pieces.

Inventory:

Hand Weapons
 a - a +4 hammer of protection
 b - the +3 hammer of Diogemuk {spect, rF+}
   (You found it on level 2 of the Dungeon)

   rF+:       It protects you from fire.
 j - a +1 hammer of venom (weapon)
 k - a +0 flail
 u - a +1 whip of freezing
 x - a +1 whip of flaming
Armour
 c - a +0 buckler (worn)
 l - a +1 cloak (worn)
 m - a +0 helmet (worn)
 t - a +0 plate armour (worn)
Jewellery
 o - an amulet of magic regeneration (around neck)
 D - a ring of protection from fire (left hand)
Wands
 q - a wand of mindburst (12)
 s - a wand of digging (3)
 y - a wand of roots (9)
 G - a wand of flame (25) (quivered)
Scrolls
 e - 2 scrolls of enchant armour
 i - a scroll of teleportation
 p - a scroll of amnesia
 v - a scroll of poison
 w - a scroll of silence
 A - a scroll of brand weapon
 B - 2 scrolls of fear
 C - 2 scrolls of vulnerability
 E - a scroll of identify
Potions
 d - 3 potions of might
 f - a potion of berserk rage {unknown}
 g - 2 potions of attraction
 h - 4 potions of enlightenment
 n - a potion of cancellation
 r - 2 potions of mutation
 F - a potion of curing


   Skills:
 + Level 5.7 Fighting
 * Level 7.2 Maces & Flails
 + Level 7.4 Armour
 * Level 7.0 Shields
 * Level 7.6 Invocations
 * Level 7.6 Evocations


You had 9 spell levels left.
You didn't know any spells.
Your spell library contained the following spells:

 Spells                   Type           Power      Damage    Failure   Level
 Kiss of Death            Conj/Necr      0%         2d5       100%        1
 Confusing Touch          Hex            0%         N/A       100%        3
 Brom's Barrelling Bould  Conj/Erth      0%         2d3       100%        4
 Dispel Undead            Necr           0%         3d6       100%        4
 Fireball                 Conj/Fire      0%         3d3       100%        5
 Iskenderun's Battlesphe  Conj           0%         2d6       100%        5
 Conjure Ball Lightning   Conj/Air       0%         3x3d6     100%        6
 Orb of Destruction       Conj           0%         9d5       100%        7


Dungeon Overview and Level Annotations

Branches:
Dungeon (8/15)             Temple (1/1) D:7          Bailey (visited)
   Lair: D:8-11

Altars:
Ashenzari
Cheibriados
Dithmenos
Elyvilon
Fedhas
Gozag
Hepliaklqana
Kikubaaqudgha
Makhleb
Nemelex Xobeh
Okawaru
Qazlal
Ru
Sif Muna
Trog
Uskayaw
Vehumet
Wu Jian
Xom
Yredelemnul
Zin

Shops:
D:3 :   D:5 *

Annotations:
D:6 2 transporters, BigDaddyOpFi's ghost, novice OpFi
D:8 Gastronok


Innate Abilities, Weirdness & Mutations

Armour fits poorly on your strangely shaped body.
You have extremely tough skin. (AC +3)
You have a long armoured tail.
You regenerate magic and health when rolling toward enemies. (Rampage Regen)


Message History

You are too injured to fight recklessly!
You are too injured to fight recklessly!
You are too injured to fight recklessly!
You are too injured to fight recklessly!
You are too injured to fight recklessly!
You are too injured to fight recklessly!
You sock Gastronok! You tail-slap Gastronok!
Gastronok is moderately wounded.
You block the river rat's attack.
Unknown command.
You hit Gastronok.
Gastronok is moderately wounded.
The river rat bites you but does no damage.
Gastronok sloshes about.
Gastronok waves his eye-stalks in wide circles.
The air twists around and strikes you!!
* * * LOW HITPOINT WARNING * * *
You hit Gastronok.
Gastronok is heavily wounded.
The river rat bites you but does no damage.
Gastronok's eyestalks quiver as he mumbles some strange words.
Gastronok puts on a burst of speed!
You feel much better.
The river rat bites you but does no damage.
You completely miss the river rat. You block the river rat's attack.
You sock the river rat!
You kill the river rat!
The river rat's corpse disappears in a puff of smoke!
You hit Gastronok.
Gastronok looks as sick as possible!
You tail-slap Gastronok, but do no damage.
Gastronok is heavily wounded.
You hit Gastronok.
Gastronok is heavily wounded.
Gastronok bites you!!
* * * LOW HITPOINT WARNING * * *
You hit Gastronok but do no damage.
Gastronok looks as sick as possible!
Gastronok is heavily wounded.
Gastronok bites you!!
You die...
Gastronok gurgles, "About time.
I'm starving!"

#..#.#.# #.# ####..#b#.#
#.#########.....#.#.#
#.#..........".##b#.#
#.#.#######.##....#.# #
#.#.# ##.##.####.# #
#.#.# ###...#.####.# ##
#.#.# #...#.w......#
.####.#[####.#..@#.######
.......[.........#.#
.####..............# ##
###.######<..### ##
#..........# .###
#########..# ..... ...#
.#### ##.# ## .#


You could see Gastronok (swift, extremely poisoned).

Vanquished Creatures
  2 vault guards (Bailey)
  Pikel (D:7)
  Jeremiah (D:6)
  Prince Ribbit (Bailey)
  5 humans (Bailey)
  3 steam dragons
  3 water moccasins
  3 ice beasts
  2 orc warriors (D:6)
  A centaur (D:5)
  2 kobold brigands (D:7)
  14 bullfrogs
  4 scorpions
  3 wights (D:7)
  A howler monkey (D:5)
  3 bombardier beetles
  A gnoll bouda (D:4)
  2 hounds (D:6)
  6 orc priests
  Crazy Yiuf (D:2)
  A sleepcap (D:6)
  An iguana (D:5)
  7 orc wizards
  Robin (D:4)
  15 gnolls
  4 adders
  3 dart slugs
  36 orcs
  7 ball pythons
  12 endoplasms
  2 giant cockroaches
  19 goblins
  13 hobgoblins
  4 jackals (D:2)
  17 kobolds
  2 quokkas
  A bat (D:2)
  2 frilled lizards
  4 rats
210 creatures vanquished.

Vanquished Creatures (others)
  An orc wizard (D:8)
  An orc (D:8)
2 creatures vanquished.

Grand Total: 212 creatures vanquished

Notes
Turn   | Place    | Note
-------+----------+-------------------------------------------
     0 | D:1      | Gadfly the Armataur Fighter began the quest for the Orb.
     0 | D:1      | Reached XP level 1. HP: 18/18 MP: 1/1
   137 | D:1      | Reached XP level 2. HP: 24/25 MP: 2/2
   307 | D:1      | Reached skill level 1 in Invocations
   382 | D:1      | Reached skill level 1 in Evocations
   783 | D:2      | Reached XP level 3. HP: 30/30 MP: 3/3
  1420 | D:2      | Identified the +3 hammer of Diogemuk {spect, rF+}
  1428 | D:2      | Found a runed translucent door.
  1430 | D:2      | Noticed Crazy Yiuf
  1467 | D:2      | Killed Crazy Yiuf
  1468 | D:2      | Reached XP level 4. HP: 33/37 MP: 5/5
  1804 | D:3      | Found Fila's Book Shoppe.
  2065 | D:4      | Reached XP level 5. HP: 45/45 MP: 6/6
  2144 | D:4      | Reached XP level 6. HP: 9/51 MP: 6/8
  2587 | D:4      | Noticed Robin
  2606 | D:4      | Killed Robin
  2849 | D:5      | Entered Level 5 of the Dungeon
  3022 | D:5      | Gained mutation: You regenerate magic and health when
                  | rolling toward enemies. (Rampage Regen) [Armataur growth]
  3022 | D:5      | Reached XP level 7. HP: 51/57 MP: 9/9
  3632 | D:5      | Found Joarycw's Mayhem Merchandise.
  3919 | D:6      | Reached skill level 5 in Armour
  4052 | D:6      | Reached XP level 8. HP: 40/66 MP: 11/11
  4228 | D:6      | Found a bloodstained altar of Trog.
  4417 | D:6      | Found a transporter.
  4420 | D:6      | Identified the +0 ring mail of the Hippo {Dex+3 Slay+5}
  4512 | D:6      | Noticed Jeremiah
  4513 | D:6      | Found a snail-covered altar of Cheibriados.
  4556 | D:6      | Killed Jeremiah
  4557 | D:6      | Reached skill level 5 in Shields
  4557 | D:6      | Reached skill level 5 in Invocations
  4557 | D:6      | Reached skill level 5 in Evocations
  4740 | D:6      | Noticed BigDaddyOpFi's ghost (novice OpFi)
  4757 | D:6      | Found a transporter.
  4839 | D:7      | Reached skill level 5 in Maces & Flails
  4959 | D:7      | Noticed Pikel
  5090 | D:7      | Killed Pikel
  5091 | D:7      | Reached XP level 9. HP: 55/72 MP: 13/13
  5145 | D:7      | Found a flagged portal.
  5172 | Bailey   | Entered a bailey
  5437 | Bailey   | Reached skill level 5 in Fighting
  5667 | Bailey   | Noticed a vault guard
  5667 | Bailey   | Noticed Prince Ribbit
  5674 | Bailey   | Killed Prince Ribbit
  5682 | Bailey   | Killed a vault guard
  5683 | Bailey   | Reached XP level 10. HP: 48/81 MP: 13/15
  5796 | Bailey   | Noticed a vault guard
  5808 | Bailey   | Killed a vault guard
  6405 | D:7      | Found a staircase to the Ecumenical Temple.
  6414 | Temple   | Found a transporter.
  6414 | Temple   | Found a transporter.
  6414 | Temple   | Found a transporter.
  6414 | Temple   | Found a transporter.
  6414 | Temple   | Entered the Ecumenical Temple
  6430 | Temple   | Became a worshipper of Elyvilon the Healer
  7332 | D:8      | Reached * piety under Elyvilon
  7722 | D:8      | Noticed Gastronok
  7961 | D:8      | Mangled by Gastronok

Illustrated notes

Levels and vault maps discovered:
D:1:      dpeg_arrival_court, layout_loops_ring, serial_park_tiny_pond
D:2:      layout_loops_ring, uniq_crazy_yiuf_cottage
D:3:      layout_rooms, serial_shops, nicolae_shop_statue_plus,
          interstate_on_off
D:4:      layout_rooms, serial_bayou_crossing, uniq_robin
D:5:      layout_cave_pools, minmay_shop_mayhem, kennysheep_generic_room_5
D:6:      layout_rooms, nicolae_overflow_crystal_walls, trog_hazing_becter,
          gammafunk_ghost_gnarly_gnolls, uniq_jeremiah
D:7:      layout_basic, minmay_temple_entry_junction, enter_bailey_7, uniq_pikel
D:8:      layout_loops_ring, serial_shops, shop, uniq_gastronok
Temple:   hellmonk_temple_divided_pantheon

Skill      XL: |  1  2  3  4  5  6  7  8  9 10 |
---------------+-------------------------------+-----
Maces & Flails | 2 3 4 5 6 7 |  7.2
Invocations    | 1 2 3 4 5 6 7 |  7.6
Evocations     | 1 2 3 4 5 6 7 |  7.6
Armour         | 4 5 6 7 |  7.4
Fighting       | 3 4 5 |  5.7
Shields        | 4 5 6 7 |  7.0

Action                     |  1- 3 |  4- 6 |  7- 9 | 10-12 || total
---------------------------+-------+-------+-------+-------++-------
  Melee: Flail             |   106 |       |       |       ||   106
         Tailslap          |    11 |     8 |    39 |    32 ||    90
         Mace              |     3 |   122 |   235 |   190 ||   550
  Evoke: Wand              |       |       |     7 |     3 ||    10
    Use: Scroll            |     3 |     3 |     6 |     3 ||    15
         Potion            |       |     3 |     1 |     1 ||     5
 Armour: Scale mail        |    47 |       |       |       ||    47
         Chain mail        |    30 |   142 |    75 |       ||   247
         Plate armour      |       |       |   206 |   218 ||   424
  Dodge: Dodged            |    29 |    34 |    54 |    40 ||   157
  Block: Buckler           |    24 |    38 |    76 |    64 ||   202
